 Dungeon Crawl Stone Soup version 0.19-a0-1365-gb34f4cb (webtiles) character file.

9850 George the Carver (level 11, -9/99 HPs)
             Began as a Minotaur Fighter on Sept 2, 2016.
             Was an Elder of Okawaru.
             Killed from afar by Harold (16 damage)
             ... with a bolt of fire
             ... on level 11 of the Dungeon.
             The game lasted 00:19:55 (11522 turns).

George the Carver (Minotaur Fighter)               Turns: 11522, Time: 00:19:55

Health: -9/99      AC: 15    Str: 21    XL:     11   Next: 28%
Magic:  13/13      EV:  8    Int:  5    God:    Okawaru [****..]
Gold:   583        SH: 13    Dex: 13    Spells: 0 memorised, 10 levels left

rFire  + . .     SeeInvis .     h - +3 scimitar (flame)
rCold  . . .     Gourm    .     u - +1 scale mail {MR+}
rNeg   . . .     Faith    .     c - +1 shield
rPois  .         Spirit   .     (helmet restricted)
rElec  .         Dismiss  .     n - +0 cloak
rCorr  .         Reflect  .     (no gloves)
MR     +....     Harm     .     (no boots)
Stlth  ..........               B - amulet of rage
                                r - +4 ring of protection
                                E - ring of protection from fire

@: no status effects
A: retaliatory headbutt, horns 2
a: Heroism, Renounce Religion, Evoke Berserk Rage


You were on level 11 of the Dungeon.
You worshipped Okawaru.
Okawaru was greatly pleased with you.
You were not hungry.

You visited 2 branches of the dungeon, and saw 12 of its levels.

You collected 628 gold pieces.
You spent 45 gold pieces at shops.

Inventory:

Hand Weapons
 h - a +3 scimitar of flaming (weapon)
Missiles
 p - a throwing net (quivered)
Armour
 c - a +1 shield (worn)
 n - a +0 cloak (worn)
 u - a +1 scale mail of magic resistance (worn)
Jewellery
 r - a +4 ring of protection (right hand)
 B - an amulet of rage (around neck)
 E - a ring of protection from fire (left hand)
Wands
 b - a wand of confusion (27/48)
 m - a wand of flame (13/48)
 s - a wand of lightning (15/15)
 t - a wand of paralysis (3/24)
 I - a wand of acid (6/15)
Scrolls
 e - 3 scrolls of identify
 i - a scroll of recharging
 j - a scroll of enchant weapon
 v - 2 scrolls of enchant armour
 w - a scroll of fog {unknown}
 y - a scroll of remove curse
 A - 3 scrolls of teleportation
 C - 3 scrolls of amnesia {unknown}
 G - a scroll of magic mapping {unknown}
 J - 2 scrolls of immolation {unknown}
Potions
 a - a potion of mutation {unknown}
 d - a potion of might
 k - 2 potions of haste
 l - 6 potions of curing
 o - 2 potions of heal wounds
 x - 3 potions of resistance
 F - a potion of ambrosia
Comestibles
 f - 12 bread rations
 g - a slice of pizza
 q - 5 meat rations
 z - 3 beef jerkies
 D - 2 fruits
 H - 2 chunks of flesh


   Skills:
 + Level 9.8 Fighting
 * Level 12.9 Long Blades
 + Level 9.9 Armour
 + Level 9.5 Shields
 + Level 4.9 Invocations


You had 10 spell levels left.
You didn't know any spells.

Dungeon Overview and Level Annotations

Branches:
Dungeon (11/15)            Temple (1/1) D:7            Lair (0/6) D:9
    Orc: D:9-12

Altars:
Ashenzari
Cheibriados
Dithmenos
Elyvilon
Fedhas
Gozag
Hepliaklqana
Kikubaaqudgha
Makhleb
Nemelex Xobeh
Okawaru
Qazlal
Ru
Sif Muna
Trog
Uskayaw
Vehumet
Xom
Yredelemnul
Zin
The Shining One

Shops:
D:11 ?

Annotations:
D:7 exclusion: door
D:11 Harold


Innate Abilities, Weirdness & Mutations

You reflexively headbutt those who attack you in melee.
You have a pair of horns on your head.


Message History

Harold is severely wounded.
You block Harold's attack.
Your shield prevents you from hitting Harold.
You headbutt Harold!
Harold is almost dead.
You completely miss Harold.
Harold is almost dead.
Harold mumbles some strange words.
Harold blinks!
Harold gestures at you while chanting. The bolt of fire hits you! You resist.
* * * LOW HITPOINT WARNING * * *
Harold points at you and mumbles some strange words.
The bolt of fire hits you! You resist.
* * * LOW HITPOINT WARNING * * *
You hit Harold. You burn Harold. Your headbutt misses Harold.
Harold is almost dead.
Harold casts a spell at you. The bolt of fire hits you! You resist.
You die...

≈≈≈.# ≈≈≈.#
#############
≈≈≈.#
#...........#
≈≈≈.#
#.###.#(###.#
≈≈≈.#
#.#.###.#
≈≈≈.#
#.#..##.#
≈≈≈!#
#.##.##.#
≈≈≈.#
#.##.##.#
....#
#...@...#
'##########
####@####
.#.##.....#
#.#
(...#.....#
#.#
..........#
#.#
....#.....#
#.#
#####.....#
#.# # #######
#.## # #..#


You could see Harold.

Vanquished Creatures
  Erolcha (D:11)
  Erica (D:10)
  A cyclops (D:11)
  A manticore (D:11)
  The ghost of p0werm0de the Fighter, a novice DsMo of Okawaru (D:5)
  2 centaur zombies
  2 two-headed ogres (D:8)
  Sigmund (D:4)
  2 yaks (D:9)
  A spriggan (D:10)
  2 wyverns
  A hippogriff (D:10)
  A soldier ant (D:10)
  A water moccasin (D:11)
  3 ice beasts
  An orc warrior (D:8)
  2 phantoms
  A black bear (D:11)
  5 ogres
  3 sky beasts
  3 centaurs
  A big kobold (D:11)
  3 giant frogs
  A wyvern skeleton (D:9)
  9 scorpions
  14 killer bees
  3 wights (D:9)
  An electric eel (D:11)
  2 howler monkeys (D:7)
  5 crimson imps
  2 quasits
  3 giant frog skeletons
  5 jellies
  5 orc priests
  9 hounds
  A centaur skeleton (D:10)
  11 orc wizards
  5 iguanas
  6 worker ants
  3 hound zombies
  2 hound skeletons
  12 gnolls
  18 adders
  A shadow imp (D:6)
  An ooze (D:1)
  2 adder skeletons
  2 worms
  2 giant geckos
  34 orcs
  4 giant cockroaches
  5 goblins
  6 hobgoblins
  12 jackals
  12 kobolds
  5 quokkas
  A ball python (D:2)
  9 bats
  A giant cockroach zombie (D:5)
  2 giant gecko zombies
  4 giant newts
  A quokka skeleton (D:4)
  6 rats
  A spectral orc (D:8)
268 creatures vanquished.

Notes
Turn   | Place    | Note
-------+----------+-------------------------------------------
     0 | D:1      | George the Minotaur Fighter began the quest for the Orb.
     0 | D:1      | Reached XP level 1. HP: 19/19 MP: 0/0
   255 | D:1      | Reached XP level 2. HP: 21/26 MP: 1/1
   412 | D:1      | Reached skill level 3 in Long Blades
   687 | D:2      | Reached XP level 3. HP: 33/33 MP: 2/2
  1054 | D:2      | Reached XP level 4. HP: 24/40 MP: 3/3
  1230 | D:2      | Reached skill level 4 in Long Blades
  1730 | D:3      | Reached XP level 5. HP: 46/46 MP: 4/4
  2502 | D:4      | Noticed an ogre
  2513 | D:4      | Killed an ogre
  2513 | D:4      | Reached skill level 5 in Long Blades
  2513 | D:4      | Reached skill level 5 in Armour
  2513 | D:4      | Reached skill level 5 in Shields
  2513 | D:4      | Reached XP level 6. HP: 16/55 MP: 5/5
  2737 | D:4      | Noticed Sigmund
  2752 | D:4      | Killed Sigmund
  2752 | D:4      | Reached skill level 5 in Fighting
  2836 | D:4      | Reached skill level 6 in Long Blades
  2836 | D:4      | Reached XP level 7. HP: 57/61 MP: 6/6
  2953 | D:4      | Found a white marble altar of Elyvilon.
  3229 | D:4      | Reached skill level 7 in Long Blades
  3692 | D:5      | Entered Level 5 of the Dungeon
  3846 | D:5      | Noticed p0werm0de's ghost (novice DsMo)
  3877 | D:5      | Killed p0werm0de's ghost
  3877 | D:5      | Reached XP level 8. HP: 51/70 MP: 7/7
  4031 | D:5      | Reached skill level 8 in Long Blades
  4920 | D:5      | Reached skill level 9 in Long Blades
  5035 | D:6      | Found an ancient bone altar of Kikubaaqudgha.
  5038 | D:6      | Found a stormy altar of Qazlal.
  5041 | D:6      | Found a snail-covered altar of Cheibriados.
  5165 | D:6      | Found a shadowy altar of Dithmenos.
  5182 | D:6      | Reached XP level 9. HP: 72/79 MP: 8/8
  5759 | D:7      | Found a staircase to the Ecumenical Temple.
  5804 | Temple   | Entered the Ecumenical Temple
  5915 | Temple   | Became a worshipper of Warmaster Okawaru
  6594 | D:8      | Reached skill level 1 in Invocations
  6647 | D:8      | Reached skill level 10 in Long Blades
  7196 | D:8      | Found a hazy altar of Hepliaklqana.
  7196 | D:8      | Found a shimmering altar of Xom.
  7196 | D:8      | Noticed a spectral ugly thing
  7217 | D:8      | Reached * piety under Okawaru
  7787 | D:8      | Found a basalt altar of Yredelemnul.
  8023 | D:8      | Found a burning altar of Makhleb.
  8113 | D:9      | Reached skill level 11 in Long Blades
  8113 | D:9      | Reached XP level 10. HP: 79/88 MP: 11/11
  8311 | D:9      | Found a blossoming altar of Fedhas.
  8311 | D:9      | Found a radiant altar of Vehumet.
  8427 | D:9      | Reached ** piety under Okawaru
  8884 | D:9      | Found a staircase to the Lair.
  9427 | D:10     | Entered Level 10 of the Dungeon
  9790 | D:10     | Noticed Erica
  9810 | D:10     | Killed Erica
  9810 | D:10     | Reached skill level 12 in Long Blades
 10284 | D:10     | Reached *** piety under Okawaru
 10883 | D:11     | Reached XP level 11. HP: 90/97 MP: 13/13
 10923 | D:11     | Noticed Erolcha
 10933 | D:11     | Killed Erolcha
 10933 | D:11     | Reached **** piety under Okawaru
 11390 | D:11     | Found Neamuq's Magic Scroll Shoppe.
 11393 | D:11     | Bought a scroll of teleportation for 45 gold pieces
 11490 | D:11     | Noticed Harold
 11522 | D:11     | Killed from afar by Harold

Vault maps used:
D:1:      minmay_arrival_stone_box, serial_park_tiny_1, st_stairs_5
D:3:      first_bread
D:4:      kennysheep_little_box, uniq_sigmund
D:6:      lemuel_crystal_altar, grunt_temple_overflow_diamond
D:7:      kennysheep_generic_room_16
D:8:      regret_index_temple_of_mockery, makhleb_heckhound_becter,
          yredelemnul_forgotten_temple_becter
D:9:      gammafunk_temple_overflow_wave, lair_0_dummy
D:10:     the_bakery, uniq_erica
D:11:     serial_shops, nicolae_shop_behind_doors, nrook_pool_corridor,
          uniq_harold, uniq_erolcha
Temple:   jpeg_temple_alley_garden

Skill      XL: |  1  2  3  4  5  6  7  8  9 10 |
---------------+-------------------------------+-----
Long Blades    | 3 4 5 6 7 9 11 12 | 12.9
Armour         | 4 5 6 7 8 9 |  9.9
Fighting       | 4 5 6 7 8 9 |  9.8
Shields        | 4 5 6 7 8 9 |  9.5
Invocations    | 2 4 |  4.9

Action                   |  1- 3 |  4- 6 |  7- 9 | 10-12 || total
-------------------------+-------+-------+-------+-------++-------
Melee: Long sword        |    90 |   143 |   409 |    22 ||   664
       Headbutt          |    10 |    23 |   109 |    85 ||   227
       Scimitar          |       |       |       |   328 ||   328
Invok: Heroism           |       |       |       |     2 ||     2
Evoke: Wand              |       |       |       |     1 ||     1
  Use: Scroll            |       |       |       |    15 ||    15
  Eat: Chunk             |       |     6 |    16 |    11 ||    33
       Fruit             |       |       |     2 |       ||     2
Armor: Scale mail        |    41 |    36 |   108 |   126 ||   311
       Chain mail        |       |    33 |    31 |       ||    64
Dodge: Dodged            |    29 |    36 |    73 |    81 ||   219
Block: Shield            |    50 |    69 |   183 |   168 ||   470
